[Event "*** Titled Tuesday 3|2 Blitz (Early)"]
[Site "Chess.com"]
[Date "2016.11.01"]
[Round "7"]
[White "TomsKantans"]
[Black "micfel"]
[Result "0-1"]
[WhiteElo "2457"]
[BlackElo "2267"]
[TimeControl "180+2"]
[EndTime "12:32:40 PDT"]
[Termination "micfel won by resignation"]

1. e4 d6 2. d4 Nd7 3. Nf3 g6 4.
Nc3 Bg7 5. Be3 Ngf6 6. h3 O-O 7. Qd2 c5 8. O-O-O cxd4 9. Nxd4 a6 10.
Bh6 Nc5 11. Bxg7 Kxg7 12. Qe3 b5 13. e5 Ne8 14. h4 h5 15. Be2 Bb7 16. Rh3 Qc7 17.
exd6 Nxd6 18. Rg3 b4 19. Bxh5 bxc3 20. Qxc3 e5 21. Ne6+ Nxe6 22. Qxe5+ Kh7 23. Bxg6+ fxg6 24. Qxe6 Be4 25. Rc3 Qf7 26. Rxd6 Qxe6 27. Rxe6 Bxg2 28. Rg3 Rxf2 29. Rgxg6 Be4 30. Rgf6 Rxc2+ 31. Kd1 Rd8+ 32. Ke1 Kg7 33. Rf4 Bd5 34. Rxa6 Rxb2 35. Ra3 Rd7 36. Rd3 Rxa2 37. Rfd4 Re7+ 38. Kf1 Bc6 39. Rd2 Bb5+ 40. Kf2 Ra6 41. Rd6 Ra4 42. R6d4 Ra3 43. Rd5 Bc6 44. Rg5+ Kh7 45. Rc2 Rf7+ 46. Kg1 Ra1+ 47. Kh2 Rh1+ 48. Kg3 Rf3+ 49. Kg4 Rg1+ 50. Kh5 Be8+ 0-1

[Event "*** Titled Tuesday 3|2 Blitz (Early)"]
[Site "Chess.com"]
[Date "2016.11.01"]
[Round "7"]
[White "Bishops83"]
[Black "Haridaskesavan"]
[Result "1-0"]
[WhiteElo "2260"]
[BlackElo "2134"]
[TimeControl "180+2"]
[EndTime "12:32:45 PDT"]
[Termination "Bishops83 won by resignation"]

1. e4 e5 2. Nf3 Nc6 3. d4 exd4 4. Nxd4 Nf6 5. Nxc6 bxc6 6. e5 Ne4 7. Nd2 Nc5 8. Be2 d5 9. exd6 Bxd6 10. O-O O-O 11.
Nf3 Bg4 12. h3 Bh5 13. Be3 Re8 14. Nd4 Bxe2 15. Qxe2 Qf6 16. Qf3 Qxf3 17. Nxf3 Ne6 18. Rad1 a5 19. a4 Rab8 20. b3 h6 21. Nd2 Bf4 22.
Bxf4 Nxf4 23. Nc4 Re2 24. Rd2 Rxd2 25. Nxd2 Re8 26. Nc4 Re2 27. Rc1 Re4 28. Rd1 Re2 29. Rd2 Kf8 30. Kf1 Rxd2 31. Nxd2 Ne6 32. Ke2 Nc5 33.
Nc4 Nb7 34. Kd3 Ke7 35. Ke4 Ke6 36. h4 f5+ 37. Kf4 Kf6 38. h5 Ke6 39. f3 Kf6 40. Ne5 Nd8 41. Nc4 Ne6+ 42. Ke3 Kg5 43. Nxa5 Kxh5 44.
Nxc6 g5 45. b4 f4+ 46. Kf2 Kg6 47. a5 Nf8 48. a6 Nd7 49. Ne5+ Nxe5 50. a7 Nc6 51.
a8=Q Nxb4 52. Qe4+ Kh5 53. Qxb4 1-0

[Event "*** Titled Tuesday 3|2 Blitz (Early)"]
[Site "Chess.com"]
[Date "2016.11.01"]
[Round "7"]
[White "FearlessKing64"]
[Black "visa"]
[Result "0-1"]
[WhiteElo "2150"]
[BlackElo "2140"]
[TimeControl "180+2"]
[EndTime "12:32:50 PDT"]
[Termination "visa won by checkmate"]

1. e4 d6 2. d4 Nf6 3. Nc3 Nbd7 4. f4 e5 5. Nf3 exd4 6. Nxd4 g6 7. Nf3 Bg7 8. Bd3 O-O 9. O-O Re8 10. Re1 Nc5 11. h3 Nxd3 12. cxd3 a6 13. Qb3 b5 14. d4 Rb8 15. e5 dxe5 16. fxe5 Bb7 17. Bg5 Bxf3 18.
gxf3 Qxd4+ 19. Kg2 Rxe5 20. h4 h6 21. Rad1 Qc5 22.
Bxf6 Rxe1 23. Rxe1 Bxf6 24. Ne4 Qe5 25. Re2 Bxh4 26. Qc2 f5 27. Qb3+ Kg7 28. Qc3 Qxc3 29. Nxc3 Rd8 30. Rc2 Bg5 31. a4 Rd2+ 32. Rxd2 Bxd2 33.
Nd5 c6 34. Nc7 bxa4 35. Nxa6 Bc1 36. Nc5 a3 37. bxa3 Bxa3 38. Ne6+ Kf6 39. Nf4 g5 40. Ne2 Ke5 41. Kf1 Bb4 42. Nc1 c5 43. Ke2 c4 44. Na2 Ba5 45. Ke3 f4+ 46. Ke2 Kd4 47. Nc1 h5 48. Kf2 g4 49. Ne2+ Ke5 50. Ng1 g3+ 51.
Kg2 Kd4 52. Ne2+ Ke3 53. Ng1 c3 54. Nh3 c2 55. Ng5 c1=Q 56. Ne4 Qc2+ 57. Kh3 Qxe4 58.
Kh4 Qxf3 59. Kh3 g2+ 60. Kh4 Qg4# 0-1

[Event "*** Titled Tuesday 3|2 Blitz (Early)"]
[Site "Chess.com"]
[Date "2016.11.01"]
[Round "7"]
[White "Gabrielian_Artur"]
[Black "Paralinch"]
[Result "0-1"]
[WhiteElo "2565"]
[BlackElo "2671"]
[TimeControl "180+2"]
[EndTime "12:33:18 PDT"]
[Termination "Paralinch won by resignation"]

1. e4 c5 2. Nf3 e6 3. d4 cxd4 4. Nxd4 Nf6 5. Nc3 Nc6 6. Ndb5 Bb4 7. a3 Bxc3+ 8. Nxc3 d5 9. exd5 Nxd5 10. Bd2 O-O 11. Bd3 Qh4 12. O-O Ne5 13. Be2 Nf4 14. Bxf4 Qxf4 15.
g3 Qf6 16. Ne4 Qe7 17. Qd4 Nc6 18. Qc3 e5 19. Rfd1 Nd4 20. Re1 Bf5 21. Bd1 Rac8 22.
Qb4 Qxb4 23. axb4 Rxc2 24. Bxc2 Nxc2 25. Nd6 Bh3 26. Nxb7 Rb8 27. Nc5 f6 28. f4 exf4 29. gxf4 Rxb4 30. Nd3 Rd4 31. Nf2 Nxe1 32. Nxh3 Nd3 33.
Rxa7 Nxf4 34. Nxf4 Rxf4 35. Rb7 h5 36. h3 Kh7 37. b4 Kh6 38. b5 Rb4 39. Kf2 g5 40.
b6 g4 41. hxg4 hxg4 42. Rb8 Kg5 43. b7 Kf5 44. Ke3 Rb2 45. Kd3 Kf4 46. Kc3 Rb1 47. Kc2 Rb6 48. Kd3 g3 49. Ke2 Rb2+ 50. Ke1 Kf3 51.
Rf8 Rb1+ 52. Kd2 Rxb7 53. Rxf6+ Kg2 54. Rf8 Re7 55. Kd3 Kh2 56. Rh8+ Kg1 57. Kd2 g2 58. Kd3 Re6 59. Kd2 Re5 60. Kd3 Kf2 61. Rf8+ Kg3 62. Rg8+ Kf3 63. Kd2 Re4 0-1

[Event "*** Titled Tuesday 3|2 Blitz (Early)"]
[Site "Chess.com"]
[Date "2016.11.01"]
[Round "7"]
[White "uzbektiger95"]
[Black "PaulfromSPb"]
[Result "0-1"]
[WhiteElo "2605"]
[BlackElo "2456"]
[TimeControl "180+2"]
[EndTime "12:33:22 PDT"]
[Termination "PaulfromSPb won by resignation"]

1. c4 e5 2. Nc3 Nc6 3. Nf3 g6 4. g3 Bg7 5. Bg2 f5 6. O-O Nf6 7. e3 O-O 8. d4 e4 9. Ne1 Ne7 10. d5 d6 11. f3 exf3 12. Nxf3 h6 13. Nd4 Re8 14. Qd3 Ng4 15. Bd2 Ne5 16. Qe2 c6 17.
Kh1 Kh7 18. Rae1 Qb6 19. b3 Ng8 20. Bc1 Nf6 21. Bb2 Bd7 22. Qd2 Neg4 23. e4 fxe4 24. Nxe4 cxd5 25. cxd5 Nxe4 26. Rxe4 Nf6 27. Ref4 Qd8 28.
Ne6 Bxe6 29. dxe6 Rxe6 30. Bh3 Ne4 31. Qd3 Nc5 32. Qc2 Re7 33. Rf7 Kg8 34. Rxe7 Qxe7 35.
Bg2 Qe6 36. Rd1 Kh7 37. b4 Nd7 38. Bxb7 Rf8 39. Bd5 Qg4 40. Bxg7 Kxg7 41. Bg2 Qe6 42. Qd3 Rf6 43. a4 Ne5 44. Qa6 Rf7 45. Qxd6 Qf5 46. Qd4 Kh7 47. Rf1 Qe6 48. Rxf7+ Nxf7 49. Qxa7 Qe1+ 50. Qg1 Qxb4 51. Qa1 Qa5 52. h4 Ne5 53. Qd4 h5 54. Bd5 Ng4 55. Kg2 Qe1 56. Bc4 Ne3+ 57. Kf3 Nf5 58. Qf4 Qc3+ 59. Ke2 Nd4+ 60. Kf2 Qxc4 61.
a5 Qe2+ 62. Kg1 Nf3+ 0-1

[Event "*** Titled Tuesday 3|2 Blitz (Early)"]
[Site "Chess.com"]
[Date "2016.11.01"]
[Round "7"]
[White "petrpalachev"]
[Black "GMKrikor"]
[Result "1/2-1/2"]
[WhiteElo "2429"]
[BlackElo "2557"]
[TimeControl "180+2"]
[EndTime "12:33:35 PDT"]
[Termination "Game drawn by agreement"]

1. Nf3 d5 2. g3 g6 3. Bg2 Bg7 4.
O-O Nf6 5. d4 O-O 6. c4 dxc4 7.
Na3 Nc6 8. Nxc4 Be6 9. b3 Bd5 10.
Bb2 a5 11. Rc1 a4 12. e3 axb3 13. axb3 Ra2 14. Ra1 Qa8 15. Qb1 Ra6 16. Rc1 Be4 17. Rxa6 Qxa6 18. Qa1 Ra8 19. Qxa6 Rxa6 20. Ra1 Rxa1+ 21.
Bxa1 e6 22. Ne1 Bxg2 23. Kxg2 Bf8 24. Nd3 b5 25. Nce5 Na5 26. b4 Nb7 27. Bc3 Nd5 28. Bd2 Nb6 29. Nc6 Nc8 30. Kf3 Bd6 31. h3 Kf8 32. e4 Ke8 33. Bf4 f6 34. g4 Kd7 35.
Nb8+ Ke8 36. Na6 Kd8 37. Ndc5 Nxc5 38. bxc5 Bxf4 39. Kxf4 Ne7 40. g5 fxg5+ 41. Kxg5 Nc6 42. d5 exd5 43. exd5 Ne5 44. Nb4 Nd7 45. Nd3 b4 46.
Nxb4 Nxc5 47. Kh6 Ne4 48. f4 Nf2 49. h4 Nh3 50. Nd3 Ke7 51. Kxh7 Kf6 52. Kg8 Kf5 53. Kf7 Ke4 54. Nb4 Nxf4 55. Kf6 Kd4 56. Kg5 Ng2 57.
Kxg6 Nxh4+ 58. Kf6 Nf3 59. Na6 Kxd5 60. Nxc7+ Kd6 61.
Ne8+ Kd7 62. Ng7 Nd2 63. Nf5 Ne4+ 1/2-1/2

[Event "*** Titled Tuesday 3|2 Blitz (Early)"]
[Site "Chess.com"]
[Date "2016.11.01"]
[Round "7"]
[White "Keaton87"]
[Black "maciek_92"]
[Result "0-1"]
[WhiteElo "2446"]
[BlackElo "2557"]
[TimeControl "180+2"]
[EndTime "12:33:37 PDT"]
[Termination "maciek_92 won by resignation"]

1. e4 c5 2. Nf3 e6 3. g3 Nc6 4.
Bg2 Nf6 5. Qe2 d5 6. exd5 Nxd5 7. Nc3 Be7 8. O-O O-O 9. d3 b6 10. Re1 Bf6 11. Ne4 Be7 12. a3 Bb7 13. Bd2 Nf6 14. Bc3 Nd5 15. Bd2 e5 16. c4 Nc7 17.
Nc3 Ne6 18. Nd5 Bd6 19. Bc3 Ned4 20. Bxd4 exd4 21. h4 Qd7 22. Ng5 h6 23. Bh3 Qd8 24. Ne4 Be5 25. f4 Bb8 26. Qh5 Bc8 27. Nef6+ Kh8 28. Bf5 Bd6 29. Re2 Ne7 30. Bxc8 Rxc8 31. Rae1 Nxd5 32. Nxd5 Kh7 33. Qf5+ g6 34. Qe4 Kg7 35.
Kg2 Qd7 36. f5 Rce8 37. f6+ Kh7 38. Qf3 h5 39. Re4 Rxe4 40. Rxe4 Re8 41. Qe2 Rxe4 42. Qxe4 b5 43. b3 bxc4 44. bxc4 Qa4 45. Kh3 Qd1 46. Nf4 Bxf4 47. gxf4 Qg4+ 48. Kh2 Qxh4+ 49. Kg2 Qg4+ 50.
Kf2 Qe6 51. Qb7 Qxf6 52. Kf3 g5 53. Qe4+ Kg7 54. f5 Qd6 55. Qe8 Qf4+ 56. Ke2 Qxf5 57. Qc6 Qe6+ 0-1

[Event "*** Titled Tuesday 3|2 Blitz (Early)"]
[Site "Chess.com"]
[Date "2016.11.01"]
[Round "7"]
[White "Grebeniuk-S"]
[Black "Morshynska"]
[Result "1-0"]
[WhiteElo "2430"]
[BlackElo "2152"]
[TimeControl "180+2"]
[EndTime "12:33:46 PDT"]
[Termination "Grebeniuk-S won by resignation"]

1. d4 Nf6 2. Nf3 e6 3. e3 b6 4. Bd3 Bb7 5. Nbd2 c5 6. O-O Be7 7. b3 d5 8. Bb2 O-O 9. Qe2 Nc6 10. a3 Rc8 11. Rfd1 Qc7 12. h3 Rfd8 13. dxc5 bxc5 14.
e4 d4 15. Nc4 e5 16. Bc1 Nd7 17. Bd2 a5 18. Nh2 Nf8 19. Qe1 Ra8 20. a4 Nb4 21.
Bxb4 cxb4 22. Nf1 Ne6 23. Ng3 Nf4 24. Nf5 Bf6 25. Kh2 g6 26. Nh6+ Kg7 27. Ng4 Bc8 28.
g3 Nxh3 29. Nxf6 Kxf6 30. f4 exf4 31. e5+ Kg7 32. gxf4 Nxf4 33. Qe4 Nd5 34. Rf1 Bb7 35.
Qf3 Rd7 36. Rae1 Re7 37. Be4 f5 38. Bxd5 Bxd5 39. Qxd5 Rd8 40. Qf3 Re6 41. Kg2 Re7 42. Re2 h5 43. Rg1 Red7 44. Kf1 d3 45. cxd3 Rxd3 46.
Qxf5 Rd1+ 47. Kf2 Rxg1 48. Qf6+ Kg8 49. Kxg1 Qc5+ 50. Rf2 Rd1+ 51. Kh2 Kh7 52. Qf7+ Kh6 53. Qf4+ Kh7 54. Nd6 Qd5 55. Qf7+ Qxf7 56. Nxf7 Rd3 57. Re2 Rd7 58. e6 Re7 59. Nd6 Kg7 60. Nc4 g5 61.
Nxa5 h4 62. Nc6 Re8 63. Kh3 Kg6 64. Kg4 Kf6 65. e7 Kf7 66. a5 Rc8 67. e8=Q+ Rxe8 68. Rxe8 Kxe8 69. a6 Kd7 70. a7 1-0

[Event "*** Titled Tuesday 3|2 Blitz (Early)"]
[Site "Chess.com"]
[Date "2016.11.01"]
[Round "7"]
[White "Salem-AR"]
[Black "Smirnov_Pavel"]
[Result "0-1"]
[WhiteElo "2674"]
[BlackElo "2566"]
[TimeControl "180+2"]
[EndTime "12:34:02 PDT"]
[Termination "Smirnov_Pavel won by resignation"]

1. d4 d5 2. c4 e6 3. Nf3 Nf6 4. Nc3 c6 5. Bg5 h6 6. Bh4 dxc4 7. e4 g5 8. Bg3 b5 9. Be2 Bb7 10. O-O Nbd7 11. e5 Nd5 12. a4 a6 13.
Nxd5 cxd5 14. Ne1 bxa4 15. Bh5 Bg7 16. f4 O-O 17. f5 exf5 18. Rxf5 Qb6 19. h4 f6 20. hxg5 fxe5 21. Rxf8+ Rxf8 22. Kh2 Qxd4 23. Qxa4 Nc5 24. Qb4 c3 25. bxc3 Qxb4 26. cxb4 Ne4 27.
gxh6 Nxg3 28. hxg7 Nf1+ 29. Kh3 Kxg7 30. Rc1 Rc8 31. Ra1 Rc3+ 32. Nf3 Nd2 33. b5 e4 34.
bxa6 Ba8 35. Rd1 exf3 36. gxf3 Nxf3 37. Rb1 Ra3 38. Kg4 Nd4 39. Rb6 Bc6 40. Kg5 Ra4 41.
Bg4 Kf7 42. Bd1 Ra1 43. Bg4 Ke7 44. Rb4 Nb5 45. Bf3 Kd6 46. Be2 Rxa6 47. Kf4 Rb6 48. Rb2 Rb8 49. Ke3 Rb7 50. Kd2 Nc7 51. Ra2 Ne6 52. Bg4 Nc5 53. Ra3 Rb3 54. Ra7 Ne4+ 55.
Kc2 Rc3+ 56. Kb2 Rg3 57. Bf5 Ke5 58. Bh7 Kd4 59. Kc1 Rg1+ 60. Kc2 Rg2+ 61. Kd1 Bb5 62. Ra3 Bc4 63. Kc1 Nc3 64. Ra8 Bd3 65. Ra4+ Nxa4 0-1

[Event "*** Titled Tuesday 3|2 Blitz (Early)"]
[Site "Chess.com"]
[Date "2016.11.01"]
[Round "7"]
[White "VMikhalevski"]
[Black "ftorodent"]
[Result "1/2-1/2"]
[WhiteElo "2510"]
[BlackElo "2498"]
[TimeControl "180+2"]
[EndTime "12:34:05 PDT"]
[Termination "Game drawn - insufficient material"]

1. Nf3 d5 2. g3 c6 3. Bg2 Bg4 4. O-O Nd7 5. d3 Ngf6 6. c4 e6 7. cxd5 exd5 8. h3 Bh5 9. e4 dxe4 10. dxe4 Nc5 11. Nc3 Be7 12. e5 Qxd1 13. Rxd1 Nfd7 14.
Bf4 Bxf3 15. Bxf3 g5 16. Be3 Nxe5 17. Be2 Ne6 18. Ne4 f5 19. Bh5+ Kf8 20. Nd6 f4 21.
Bd4 Bxd6 22. Bc3 Ke7 23. Rxd6 Kxd6 24. Rd1+ Ke7 25. Bxe5 Rhd8 26. Re1 fxg3 27. Bxg3 Rd4 28. Bg4 Rxg4 29. hxg4 Rd8 30. Kg2 Rd2 31. Be5 Kf7 32.
Bc3 Nf4+ 33. Kf3 Rc2 34. Rh1 Kg6 35. Rd1 Nd5 36. Bd4 h5 37. Re1 hxg4+ 38. Kg3 Rd2 39. Bh8 Rd3+ 40. Kxg4 Nf6+ 41. Bxf6 Kxf6 42. Re2 Rd4+ 43.
Kg3 Kf5 44. b3 Rd3+ 45. Kg2 a5 46. Re7 b5 47. Rc7 Rc3 48. Ra7 a4 49. bxa4 Ra3 50. a5 Rxa2 51. Rc7 Rxa5 52. Rxc6 b4 53. Rb6 Ra4 54.
Kg3 Ra3+ 55. f3 Rb3 56. Rb5+ Kf6 57. Kg4 Rb1 58. Rf5+ Ke6 59. Rb5 b3 60. Kxg5 Kd6 61. Kf4 Kc6 62. Rb8 Kc5 63. Kg3 Kc4 64. Rc8+ Kd3 65.
Rd8+ Kc2 66. Rc8+ Kb2 67. f4 Rf1 68. Kg4 Ka2 69. Ra8+ Kb1 70. f5 b2 71. Kg5 Rg1+ 72.
Kh6 Rf1 73. Kg6 Rf4 74. Rb8 Kc2 75. f6 b1=Q 76. Rxb1 Kxb1 77. f7 Rxf7 78. Kxf7 1/2-1/2

[Event "*** Titled Tuesday 3|2 Blitz (Early)"]
[Site "Chess.com"]
[Date "2016.11.01"]
[Round "7"]
[White "howitzer14"]
[Black "VSERGUEI"]
[Result "1-0"]
[WhiteElo "2769"]
[BlackElo "2582"]
[TimeControl "180+2"]
[EndTime "12:35:30 PDT"]
[Termination "howitzer14 won on time"]

1. e4 e6 2. d4 d5 3. Nd2 Nf6 4. e5 Nfd7 5. c3 c5 6. f4 Nc6 7. Ndf3 Qb6 8. a3 c4 9. h4 Na5 10. h5 Qb3 11. Be2 Qxd1+ 12. Bxd1 h6 13. Be3 Nb6 14. Nd2 Bd7 15. a4 Be7 16. Ngf3 O-O 17. Bc2 f6 18. Nh4 fxe5 19. Ng6 exf4 20.
Nxe7+ Kf7 21. Ng6 fxe3 22. O-O+ Kg8 23. Ne7+ Kh8 24. Ng6+ Kg8 25. Ne7+ Kh8 26. Rxf8+ Rxf8 27. Ng6+ Kg8 28. Nxf8 Kxf8 29. Nf3 Nb3 30. Bxb3 cxb3 31. Ne5 Bxa4 32. Rf1+ Ke8 33. Re1 Ke7 34. Rxe3 Be8 35. Rg3 Kf8 36. Rf3+ Ke7 37. Rg3 Kf8 38. Rf3+ Ke7 39.
g4 a5 40. Kf2 Na4 41. c4 Nxb2 42. Rxb3 Nxc4 43. Rxb7+ Kf6 44. Nxc4 dxc4 45. Rc7 g6 46.
hxg6 Kxg6 47. Rxc4 h5 48. gxh5+ Kxh5 49. Rc5+ Kg4 50. Rxa5 Bc6 51. Ke3 Bd5 52. Ra7 Kg5 53.
Rf7 e5 54. Rf8 exd4+ 55. Kxd4 Bb3 56. Ke5 Kg4 57. Rc8 Bf7 58. Rc7 Bb3 59. Rg7+ Kf3 60. Ra7 Bc2 61. Ra2 Bg6 62. Ra3+ Ke2 63. Kd4 Bf5 64.
Re3+ Kf2 65. Re5 Bg6 66. Re6 Bc2 67. Rc6 Bh7 68. Ke5 Bd3 69. Kf4 Ke2 70. Rh6 Kd2 71.
Ke5 Kc2 72. Kd4 Bf5 73. Rc6+ Kb2 74. Rf6 Bh7 75. Rf7 Bg6 76. Rc7 Bf5 77. Ke3 Bg6 78. Kd2 Kb3 79. Rc5 Bh7 80. Rg5 Be4 81. Ke3 Bh7 82. Kd4 Kb2 83. Rg3 Bf5 84. Rf3 Bg6 85.
Kc4 Bh7 86. Rf2+ Ka1 87. Kb3 Bb1 88. Ka3 Bd3 89. Rf6 Bb1 90. Rb6 Bc2 91. Rb8 Bb1 92.
Kb3 Ba2+ 93. Kc2 Bc4 94. Rb1+ Ka2 95. Rb4 1-0

[Event "*** Titled Tuesday 3|2 Blitz (Early)"]
[Site "Chess.com"]
[Date "2016.11.01"]
[Round "7"]
[White "LawrenceTrent"]
[Black "GianmarcoVaR"]
[Result "1/2-1/2"]
[WhiteElo "2529"]
[BlackElo "2426"]
[TimeControl "180+2"]
[EndTime "12:36:48 PDT"]
[Termination "Game drawn by repetition"]

1. e4 c6 2. Nc3 d5 3. Nf3 Bg4 4. d4 e6 5. h3 Bxf3 6. Qxf3 dxe4 7. Qxe4 Nf6 8. Qd3 Na6 9. a3 Qa5 10. Be2 Nb4 11. Qd1 Nbd5 12. Bd2 Qc7 13. O-O Bd6 14.
Nxd5 exd5 15. Bd3 O-O 16. Qf3 Rfe8 17. Rfe1 Rxe1+ 18. Rxe1 Re8 19. Rxe8+ Nxe8 20. Qf5 g6 21. Qf3 Qe7 22. Qg4 Nf6 23. Qc8+ Kg7 24. g3 Ne4 25. Bxe4 Qxe4 26. Qxb7 Bxg3 27. Qxc6 Qf3 28. fxg3 Qd1+ 29.
Kf2 Qxd2+ 30. Kf3 Qxd4 31. b4 h5 32. h4 Qe4+ 33. Kf2 Qd4+ 34. Ke2 Qg4+ 35. Kf2 Qd4+ 36. Kg2 Qe4+ 37. Kh2 Qe2+ 38. Kg1 Qe1+ 39. Kg2 Qe2+ 40. Kg1 Qe3+ 41. Kg2 Qxa3 42. Qxd5 Qxb4 43. Qe5+ Kg8 44. Qe8+ Kg7 45. Qe5+ Kh7 46. Qc7 Qd2+ 47. Kh3 Kg7 48. c4 a5 49. Qe5+ Kh7 50. Qe7 Qf2 51. c5 Qf3 52. Kh2 Qf2+ 53. Kh3 Qf3 54. Qe1 a4 55. Qc1 Qc6 56. Kh2 Qc7 57. c6 a3 58. Qc4 a2 59.
Qxa2 Qxc6 60. Qxf7+ Kh6 61. Qf8+ Kh7 62. Qf7+ Kh6 63.
Qg8 Qc2+ 64. Kg1 Qd1+ 65. Kf2 Qd4+ 66. Kf3 Qd3+ 67. Kf4 Qd2+ 68. Kf3 Qd1+ 69. Kf2 Qc2+ 70. Kg1 Qb1+ 71. Kh2 Qb2+ 72. Kh3 Qa1 73. Qf8+ Kh7 74.
Qf7+ Kh6 75. Qf4+ Kh7 76. Qf3 Kg7 77. g4 hxg4+ 78. Kxg4 Qg1+ 79. Kh3 Qc1 80. Qb7+ Kh6 81. Qf3 Qc8+ 82. Kg3 Qc7+ 83. Kh3 Qd7+ 84. Kg3 Qd6+ 85. Kh3 Qd7+ 86. Kh2 Qd4 87. Kg3 Qe5+ 88. Kh3 Qe6+ 89. Kg3 Qe5+ 90. Kh3 Qe6+ 91. Kg3 Qd6+ 92. Kh3 Qd7+ 93.
Kg3 Qd4 94. Kh3 Qd7+ 95. Kg3 Qd6+ 96. Kh3 Qe6+ 97. Kg3 Qe5+ 98. Kh3 Kg7 99. Qb7+ Kf6 100.
Qf3+ Ke6 101. Qg4+ Kf6 102. Qf3+ Kg7 103. Qb7+ Kh6 104. Qf3 Qe6+ 105. Kg3 Qe5+ 106. Kh3 1/2-1/2

[Event "*** Titled Tuesday 3|2 Blitz (Early)"]
[Site "Chess.com"]
[Date "2016.11.01"]
[Round "8"]
[White "Blitzstream"]
[Black "IMJonathanCarlstedt"]
[Result "1-0"]
[WhiteElo "2534"]
[BlackElo "2434"]
[TimeControl "180+2"]
[EndTime "12:40:31 PDT"]
[Termination "Blitzstream won by checkmate"]

1. d4 d5 2. Nf3 e6 3. Bf4 c5 4. c3 Nc6 5. e3 Nf6 6. Bd3 Bd6 7. Bg5 h6 8. Bh4 O-O 9. O-O e5 10. dxe5 Nxe5 11. Nxe5 Bxe5 12. Nd2 Qd6 13. f4 Ng4 14. fxe5 Qxe5 15. Nf3 Qxe3+ 16. Kh1 c4 17. Bc2 Be6 18. Re1 Qb6 19. Qd2 Kh8 20. h3 g5 21.
hxg4 gxh4 22. Qxh6+ Kg8 23. Qh7# 1-0

[Event "*** Titled Tuesday 3|2 Blitz (Early)"]
[Site "Chess.com"]
[Date "2016.11.01"]
[Round "8"]
[White "RodinMihail"]
[Black "IIIlllII1llIl"]
[Result "0-1"]
[WhiteElo "2420"]
[BlackElo "2523"]
[TimeControl "180+2"]
[EndTime "12:41:57 PDT"]
[Termination "IIIlllII1llIl won by resignation"]

1. e4 f5 2. exf5 d5 3. Qh5+ Kd7 4.
Nf3 c6 5. Ne5+ Kc7 6. Nf7 Qe8 7. g4 Nf6 8. Qh3 Qxf7 9. Qg3+ Kd8 10. Nc3 e6 11. g5 Nh5 12. Qh4 exf5 13. d4 Be7 14. Be2 g6 15. Be3 f4 16. Bd2 h6 17. Bxh5 Bxg5 0-1

[Event "*** Titled Tuesday 3|2 Blitz (Early)"]
[Site "Chess.com"]
[Date "2016.11.01"]
[Round "8"]
[White "Ginger_GM"]
[Black "TheSovietChess"]
[Result "1/2-1/2"]
[WhiteElo "2435"]
[BlackElo "2502"]
[TimeControl "180+2"]
[EndTime "12:42:46 PDT"]
[Termination "Game drawn by agreement"]

1. e4 c5 2. a3 d6 3. b4 Nf6 4. Nc3 Nc6 5. b5 Nd4 6. Nf3 Nxf3+ 7.
Qxf3 g6 8. Bb2 Bg7 9. Nd5 O-O 10. Nxf6+ Bxf6 11. Bxf6 exf6 12. Bc4 Be6 13. Qd3 b6 14. O-O Bxc4 15. Qxc4 Qe7 16. f4 Rfe8 17. d3 Qe6 18. Rfe1 Qxc4 19. dxc4 Rad8 20. Rad1 Re7 21. Kf2 Rde8 22.
Kf3 f5 23. e5 dxe5 24. fxe5 Rxe5 25. Rxe5 Rxe5 26. Rd7 Re4 27. Rxa7 Rxc4 28. Ra6 Rxc2 29.
Rxb6 Rc3+ 30. Kf4 Rxa3 31. Rc6 Rb3 32. Rxc5 Rb2 33. Kf3 Kf8 34. h4 Ke7 35. g3 Kd6 36. Rc6+ Kd5 37. Rf6 Rb3+ 38. Kf4 Rxb5 39. Rxf7 Rb4+ 40.
Kf3 h5 41. Rf6 Rg4 42. Rf8 Ke5 43. Re8+ Kf6 44. Rf8+ Ke7 45. Ra8 Re4 46. Ra6 Kf7 47. Ra7+ Kf6 48. Ra6+ Re6 49. Ra8 Ke5 50. Ra5+ Kf6 51. Ra8 Rb6 52. Kf4 Rb4+ 53. Kf3 Rb6 54. Kf4 Rb4+ 55. Kf3 g5 56. Ra6+ Kg7 57. hxg5 Rg4 58.
Rb6 Rxg5 59. Kf4 Rg4+ 60. Kxf5 Rxg3 61. Kf4 Rc3 62. Kg5 Rc5+ 63. Kh4 Ra5 64. Rc6 1/2-1/2

[Event "*** Titled Tuesday 3|2 Blitz (Early)"]
[Site "Chess.com"]
[Date "2016.11.01"]
[Round "8"]
[White "maciek_92"]
[Black "amaidel"]
[Result "1-0"]
[WhiteElo "2564"]
[BlackElo "2493"]
[TimeControl "180+2"]
[EndTime "12:42:51 PDT"]
[Termination "maciek_92 won by resignation"]

1. c4 f5 2. Nc3 Nf6 3. g3 g6 4.
Bg2 Bg7 5. Nf3 O-O 6. O-O d6 7.
d4 c6 8. Qb3 h6 9. c5+ Kh7 10.
cxd6 exd6 11. d5 c5 12. a4 Na6 13. Nd2 Nb4 14. Nc4 g5 15. Nb5 Nfxd5 16. Rd1 Be6 17.
Nbxd6 Nb6 18. Be3 Nxc4 19. Nxc4 Qc7 20. Rac1 Rad8 21. a5 b5 22. axb6 axb6 23. Qa4 Rxd1+ 24. Qxd1 f4 25. Bd2 fxg3 26. hxg3 Nc6 27. Bc3 Nd4 28. Bxd4 Bxd4 29. e3 Bg7 30. Bd5 Rd8 31. Qc2+ 1-0

[Event "*** Titled Tuesday 3|2 Blitz (Early)"]
[Site "Chess.com"]
[Date "2016.11.01"]
[Round "8"]
[White "Morshynska"]
[Black "uzbektiger95"]
[Result "0-1"]
[WhiteElo "2150"]
[BlackElo "2606"]
[TimeControl "180+2"]
[EndTime "12:42:52 PDT"]
[Termination "uzbektiger95 won by resignation"]

1. Nf3 c5 2. c4 Nc6 3. d4 cxd4 4. Nxd4 Nf6 5. Nc3 e6 6. e3 d5 7.
Be2 Bd6 8. cxd5 exd5 9. Bf3 O-O 10. O-O Re8 11. b3 Nxd4 12. Qxd4 Be5 13. Qd3 Ne4 14.
Bb2 Bf5 15. Bxe4 Qh4 16. g3 dxe4 17. Qb5 Qh3 18. Qxb7 Bg4 19. f3 Bxg3 20. hxg3 Qxg3+ 21. Kh1 exf3 0-1

[Event "*** Titled Tuesday 3|2 Blitz (Early)"]
[Site "Chess.com"]
[Date "2016.11.01"]
[Round "8"]
[White "FearlessKing64"]
[Black "Andrejkin"]
[Result "0-1"]
[WhiteElo "2142"]
[BlackElo "2168"]
[TimeControl "180+2"]
[EndTime "12:43:04 PDT"]
[Termination "Andrejkin won by resignation"]

1. e4 e5 2. Nf3 Nc6 3. Bc4 Bc5 4. b4 Bxb4 5. c3 Ba5 6. d4 exd4 7. O-O Nge7 8. cxd4 d5 9. exd5 Nxd5 10. Qb3 Be6 11. Qxb7 Ndb4 12. Bb5 Bd5 13. Re1+ Kf8 14. Ba3 Rb8 15.
Bxb4+ Bxb4 16. Qa6 Bxe1 17. Bxc6 Rb6 18. Qxa7 Rxc6 19.
Nxe1 g6 20. Nd2 Qg5 21. Ndf3 Bxf3 22. Nxf3 Rc1+ 0-1

[Event "*** Titled Tuesday 3|2 Blitz (Early)"]
[Site "Chess.com"]
[Date "2016.11.01"]
[Round "8"]
[White "fastestmindalive"]
[Black "Bishops83"]
[Result "1-0"]
[WhiteElo "2515"]
[BlackElo "2257"]
[TimeControl "180+2"]
[EndTime "12:43:40 PDT"]
[Termination "fastestmindalive won by resignation"]

1. e4 c5 2. Nc3 Nc6 3. Bb5 Nd4 4. Nf3 Nxb5 5. Nxb5 d6 6. O-O Bd7 7. Nc3 e6 8. d4 cxd4 9. Qxd4 Nf6 10. Bg5 Be7 11. Bxf6 gxf6 12. Rae1 Bc6 13. Re3 a6 14. Nd2 b5 15. a3 Rb8 16. f4 Qb6 17. Qxb6 Rxb6 18. f5 d5 19. Rg3 Bc5+ 20. Kh1 d4 21. Nb3 dxc3 22. Nxc5 cxb2 23. Rb3 Ke7 24. Rxb2 Rd8 25. c3 Be8 26. fxe6 fxe6 27. Nb3 e5 28. Na5 Bg6 29. Re2 Rd3 30. Rc1 Rbd6 31. h3 Rd1+ 32. Rxd1 Rd3 33. Rxd3 1-0

[Event "*** Titled Tuesday 3|2 Blitz (Early)"]
[Site "Chess.com"]
[Date "2016.11.01"]
[Round "8"]
[White "DanielNaroditsky"]
[Black "fireheart92"]
[Result "1/2-1/2"]
[WhiteElo "2737"]
[BlackElo "2580"]
[TimeControl "180+2"]
[EndTime "12:43:47 PDT"]
[Termination "Game drawn by repetition"]

1. d4 Nf6 2. Bf4 d5 3. e3 Bf5 4.
c4 e6 5. Nc3 Bb4 6. Qb3 c5 7.
dxc5 Nc6 8. Nf3 Ne4 9. cxd5 Nxc5 10. Qd1 Qxd5 11. Qxd5 exd5 12. Be2 Na4 13. Rc1 Nxb2 14.
O-O Nd3 15. Bxd3 Bxd3 16. Rfd1 Bxc3 17. Rxd3 Bf6 18. Rxd5 Rd8 19. Rb5 Rd7 20. g4 O-O 21.
g5 Be7 22. h4 f6 23. Kg2 Rfd8 24. gxf6 Bxf6 25. h5 Re8 26. Rcb1 b6 27. Rc1 Na5 28. Rf5 Bb2 29. Rc2 Ba1 30. Rc1 Bb2 31. Rc2 Ba1 32. Rc1 Bb2 33. Rc2 Ba1 1/2-1/2

[Event "*** Titled Tuesday 3|2 Blitz (Early)"]
[Site "Chess.com"]
[Date "2016.11.01"]
[Round "8"]
[White "Zaven_ChessMood"]
[Black "platy3"]
[Result "1-0"]
[WhiteElo "2740"]
[BlackElo "2683"]
[TimeControl "180+2"]
[EndTime "12:44:05 PDT"]
[Termination "Zaven_ChessMood won by resignation"]

1. e4 c5 2. Nf3 e6 3. d4 cxd4 4. Nxd4 a6 5. Bd3 g6 6. Qe2 Bg7 7. Nf3 d6 8. c4 Ne7 9. Nc3 Nbc6 10.
O-O O-O 11. Bf4 Ne5 12. Rfd1 N7c6 13. Rac1 Qe7 14. b3 Rd8 15. Qe3 Bd7 16. Bf1 Nxf3+ 17.
Qxf3 Ne5 18. Qe3 Bc6 19. Bg5 Bf6 20. Bxf6 Qxf6 21. Be2 g5 22. Rd2 Ng6 23. Rcd1 Nf4 24. Bf3 e5 25. g3 Ng6 26. Bg4 Nf8 27. b4 b5 28. a4 bxa4 29. Nd5 Bxd5 30. Rxd5 Rab8 31.
Qa3 Ne6 32. Rxd6 Qe7 33. Rxd8+ Nxd8 34. Qxa4 Ne6 35. Bxe6 Qxe6 36. c5 Qc4 37. Qd7 Rxb4 38. Qd8+ 1-0